 Dungeon Crawl Stone Soup version 0.24.0-123-gd5b16e6ec5 (webtiles) character file.

Game seed: 8700844782064963194, levelgen mode: deterministic

63 Mesmaeker13 the Grasshopper (level 4, -2/40 HPs)
             Began as a Naga Warper on Feb 11, 2020.
             Killed from afar by Natasha (9 damage)
             ... with a magic dart
             ... on level 2 of the Dungeon.
             The game lasted 00:02:46 (1693 turns).

Mesmaeker13 the Grasshopper (Naga Warper)           Turns: 1693, Time: 00:02:46

Health: -2/40      AC:  5    Str: 13    XL:     4   Next: 9%
Magic:  7/7        EV:  7    Int: 14    God:
Gold:   67         SH:  0    Dex: 11    Spells: 7/7 levels left

rFire    + + .     SeeInvis +   a - +0 short sword
rCold    . . .     Gourm    .   (no shield)
rNeg     . . .     Faith    .   g - +0 scale mail (curse)
rPois    +         Spirit   .   (no helmet)
rElec    .         Reflect  .   (no cloak)
rCorr    .         Harm     .   m - +0 pair of gloves
MR       .....                  (no barding)
Stlth    +.........             (no amulet)
HPRegen  0.13/turn              q - ring of protection from fire
MPRegen  0.10/turn              l - ring of protection from fire

@: starving, slowed, very slow
A: large, see invisible, deformed body, poison resistance, slowness 2, slow
metabolism 1, spit poison 1, AC +1
a: Spit Poison


You were on level 2 of the Dungeon.
You were starving.

You visited 1 branch of the dungeon, and saw 2 of its levels.

You collected 67 gold pieces.

Inventory:

Hand Weapons
 a - a +0 short sword (weapon)
 k - a +0 dagger
Missiles
 e - 4 boomerangs of dispersal (quivered)
Armour
 b - a +0 leather armour
 g - a cursed +0 scale mail (worn)
 m - a +0 pair of gloves (worn)
Jewellery
 l - a ring of protection from fire (right hand)
 q - a ring of protection from fire (left hand)
 r - a cursed amulet of inaccuracy {unknown}
Scrolls
 d - a scroll of blinking
 j - a scroll of identify {unknown}
 p - a scroll of random uselessness {unknown}
Potions
 c - 2 potions of haste {unknown}
 h - a potion of lignification {unknown}
 i - 2 potions of agility {unknown}
 n - 2 potions of berserk rage {unknown}
 o - a potion of curing {unknown}
Comestibles
 f - 3 rations


   Skills:
 + Level 2.5 Fighting
 + Level 2.5 Short Blades
 - Level 0.8 Throwing
 + Level 1.4 Armour
 + Level 2.1 Dodging
 + Level 2.3 Stealth
 - Level 2.0 Spellcasting
   Level 3.0 Translocations


You had 7 spell levels left.
You didn't know any spells.
Your spell library contained the following spells:

 Spells                   Type           Power        Failure   Level  Hunger
 Blink                    Tloc           N/A          43%         2    ###....
 Shroud of Golubria       Chrm/Tloc      #.....       65%         2    ###....
 Gell's Gravitas          Tloc           #.........   67%         3    ####...
 Lesser Beckoning         Tloc           #.........   67%         3    ####...
 Teleport Other           Tloc           #.......     67%         3    ####...
 Passage of Golubria      Tloc           N/A          97%         4    #####..


Dungeon Overview and Level Annotations

Branches:
Dungeon (2/15)

Altars:

Annotations:
D:2 Natasha


Innate Abilities, Weirdness & Mutations

You cannot wear boots.
Your serpentine skin is tough. (AC +1)
You have supernaturally acute eyesight. (SInv)
Armour fits poorly on your strangely shaped body.
Your system is resistant to poisons. (rPois)
You cover ground very slowly.
You have a slow metabolism.
You can spit poison.


Message History

Natasha claws you!
You barely miss Natasha.
Natasha is almost dead.
Natasha casts a spell at you.
You feel yourself slow down.
You closely miss Natasha.
Natasha is almost dead.
Natasha claws you. x2
* * * LOW HITPOINT WARNING * * *
You closely miss Natasha.
Natasha is almost dead.
Natasha howls an incantation.
You feel troubled.
Natasha stares at you and mumbles some strange words.
You resist with some effort.
You miss Natasha.
Natasha is almost dead.
Natasha stares at you and mumbles some strange words.
The magic dart hits you!
You die...

#.......#.#.. .########
#.......#.#.# #........+
+.......#.#.# .....)....#
#.........#.# ..........#
######.###.# ..........#
#.###.# .....>....# #.....#
..........##################
..........h@................
..........##################
..........# .>........#
.<.$..)...# #########....
####... .. .


You could see Natasha.

Vanquished Creatures
  Natasha (D:2)
  An adder (D:2)
  2 leopard geckos (D:1)
  3 giant cockroaches
  4 goblins (D:1)
  4 hobgoblins
  2 bats (D:1)
  4 kobolds
  6 rats
27 creatures vanquished.

Notes
Turn   | Place    | Note
-------+----------+-------------------------------------------
     0 | D:1      | Mesmaeker13 the Naga Warper began the quest for the Orb.
     0 | D:1      | Reached XP level 1. HP: 19/19 MP: 3/3
   254 | D:1      | Reached skill level 1 in Armour
   254 | D:1      | Reached XP level 2. HP: 22/26 MP: 5/5
   277 | D:1      | Reached skill level 1 in Stealth
  1219 | D:2      | Noticed Natasha
  1222 | D:2      | Killed Natasha
  1222 | D:2      | Reached XP level 3. HP: 33/33 MP: 6/6
  1587 | D:2      | Reached XP level 4. HP: 22/40 MP: 7/7
  1680 | D:2      | Noticed Natasha
  1693 | D:2      | Killed from afar by Natasha

Levels and vault maps discovered:
D:1:      dpeg_arrival_arbitrary_a, layout_loops_corners, serial_forest,
          infiniplex_forest_lined_3, infiniplex_forest_zigzag_2,
          infiniplex_forest_straight_1, infiniplex_forest_zigzag_2,
          infiniplex_forest_clump_long, infiniplex_forest_lined_room_3,
          infiniplex_forest_straight_5, infiniplex_forest_diagonal,
          minmay_strange_pillars
D:2:      layout_basic, first_ration, uniq_natasha

Skill      XL: |  1  2 |
---------------+-------+-----
Armour         | 1 |  1.4
Stealth        | 2 |  2.3
Dodging        | 2 |  2.1
Fighting       | |  2.5
Short Blades   | |  2.5
Throwing       | |  0.8
Spellcasting   | |  2.0
Translocations | |  3.0

Action                   |  1- 3 |  4- 6 || total
-------------------------+-------+-------++-------
Melee: Short sword       |    97 |    10 ||   107
Throw: Boomerang         |     1 |       ||     1
 Abil: Spit Poison       |     6 |     1 ||     7
 Stab: Sleeping          |     1 |       ||     1
Armor: Leather armour    |    18 |       ||    18
       Scale mail        |    12 |     2 ||    14
Dodge: Dodged            |    50 |     1 ||    51
